 Dungeon Crawl Stone Soup version 0.31-a0-177-g4aa6249778 (webtiles) character file.

Game seed: 17428462524408206008

93 qw the Chopper (level 4, -5/28 HPs)
             Began as a Gargoyle Fighter on June 18, 2023.
             Killed by divine providence
             ... invoked by an orc priest
              (12 damage)
             ... on level 3 of the Dungeon.
             The game lasted 00:00:43 (1893 turns).

qw the Chopper (Gargoyle Fighter)                   Turns: 1893, Time: 00:00:44

Health: -5/28      AC: 10    Str: 22    XL:     4   Next: 61%
Magic:  4/4        EV:  9    Int:  8    God:
Gold:   127        SH:  4    Dex:  9    Spells: 3/3 levels left

rFire   . . .        a - +0 broad axe
rCold   . . .        c - +0 buckler
rNeg    + . .        b - +0 scale mail
rPois   inf          (no helmet)
rElec   +            (no cloak)
rCorr   .            (no gloves)
SInv    .            (no boots)
Will    .....        (no amulet) Stlth
                     (no ring)
HPRegen 0.24/turn    (no ring)
MPRegen 0.09/turn

%: no passive effects
@: no status effects
A: sickness immunity, AC +3, negative energy resistance 1, electricity
resistance, torment resistance 1, petrification resistance
a: no special abilities


You were on level 3 of the Dungeon.
You visited 1 branch of the dungeon, and saw 3 of its levels.

You collected 127 gold pieces.


Innate Abilities, Weirdness & Mutations

You are immune to sickness and miasma.
Your stone body is resilient. (AC +3)
You are immune to poison.
You resist negative energy. (rN+)
You are resistant to electric shocks. (rElec)
You are resistant to unholy torment.
You are immune to petrification.


   Skills:
 - Level 3.2 Fighting
 + Level 4.0 Axes
 - Level 1.0 Throwing
 - Level 3.2 Armour
 - Level 3.2 Shields


You had 3 spell levels left.
You didn't know any spells.
Your spell library was empty.

Inventory:

Hand Weapons
 a - a +0 broad axe (weapon)
 j - a +0 flail
Missiles
 e - 5 boomerangs
 h - 9 silver javelins (quivered)
Armour
 b - a +0 scale mail (worn)
 c - a +0 buckler (worn)
Scrolls
 i - 4 scrolls of identify
 k - a scroll of revelation {unknown}
Potions
 d - a potion of might
 f - 2 potions of curing
 g - a potion of resistance

Dungeon Overview and Level Annotations

Branches:
Dungeon (3/15)

Altars:


Message History

Enter note:
Enter note:
Enter note: The orc hits you but does no damage.
Enter note:
Enter note:
Enter note: The orc shouts!
The orc completely misses you.
Enter note:
Enter note:
Enter note: You closely miss the orc.
The orc hits you but does no damage.
You hit the orc.
The orc is almost dead.
An orc priest comes into view. It is wielding a +0 hand axe.
An endoplasm comes into view.
The orc hits you but does no damage. x2; The endoplasm moves out of view.
The orc priest shouts!
You slash the orc!
You kill the orc!
You closely miss the orc. You hit the orc. The orc hits you with a +0 hand axe.
The orc priest invokes the aid of Beogh against you.
You are unaffected.
The orc hits you with a +0 short sword. The orc hits you but does no damage.
The orc barely misses you.
You hit the orc.
You kill the orc!
You closely miss the orc. The orc barely misses you.
You closely miss the orc. The orc barely misses you.
The orc priest invokes the aid of Beogh against you.
Beogh smites you!
Ouch! That really hurt!
The orc hits you but does no damage.
The orc priest mumbles some strange prayers to Beogh against you.
Beogh smites you!
You die...

.(....<..............>...#.<.##
$....####.#...............(...##
..... #.##.................=.#
<.... #.##....................
#... #.......................
...#....................
##........!.........?...
....#J.......####.......
.....o)@....## .......
.#.....)o......# .......
##.###................. #
#.........#......# #..........#
#... #.#.#....... ............
............


You could see an orc priest, an orc and an endoplasm.

Vanquished Creatures
  3 gnolls (D:2)
  2 adders (D:2)
  A dart slug (D:1)
  2 orcs (D:3)
  7 ball pythons
  2 bats (D:1)
  4 endoplasms
  3 giant cockroaches (D:1)
  A hobgoblin (D:1)
  3 quokkas (D:1)
  3 frilled lizards
  4 goblins
  3 kobolds (D:1)
  4 rats (D:1)
42 creatures vanquished.

Notes
Turn   | Place    | Note
-------+----------+-------------------------------------------
     0 | D:1      | qw the Gargoyle Fighter began the quest for the Orb.
     0 | D:1      | Reached XP level 1. HP: 14/14 MP: 1/1
     0 | D:1      | 0 ||| qw: Version: 0.3-a-5-g6f28e65
     0 | D:1      | 0 ||| qw: Game counter: 517
     0 | D:1      | 0 ||| qw: Always use a shield: true
     0 | D:1      | 0 ||| qw: God list: Okawaru
     0 | D:1      | 0 ||| qw: Allow faded altars: false
     0 | D:1      | 0 ||| qw: Do Orc after D:15 true
     0 | D:1      | 0 ||| qw: Do second Lair branch before Depths: true
     0 | D:1      | 0 ||| qw: Lair rune preference: random
     0 | D:1      | 0 ||| qw: Plans: Normal, Zot:1-4, Slime:5, God:TSO, Crypt,
                  | Tomb, Abyss, Pan, Hells, Win
     0 | D:1      | 0 ||| PLANNING D:1-11
    19 | D:1      | 19 ||| Stepping ~*~*~tactically~*~*~ (hiding).
    20 | D:1      | 20 ||| Stepping ~*~*~tactically~*~*~ (hiding).
    31 | D:1      | Reached skill level 2 in Axes
    68 | D:1      | Reached XP level 2. HP: 19/19 MP: 2/2
   157 | D:1      | 157 ||| Stepping ~*~*~tactically~*~*~ (stealth).
   238 | D:1      | 238 ||| Stepping ~*~*~tactically~*~*~ (hiding).
   411 | D:1      | Reached skill level 3 in Axes
   582 | D:1      | Reached XP level 3. HP: 23/23 MP: 3/3
   609 | D:1      | 609 ||| Stepping ~*~*~tactically~*~*~ (stealth).
   649 | D:1      | 649 ||| Stepping ~*~*~tactically~*~*~ (stealth).
   872 | D:1      | 872 ||| READING 2 scrolls labelled DINETWUDDE.
   877 | D:1      | 877 ||| READING 2 scrolls labelled HUOJU KYHOY.
   878 | D:1      | 878 ||| READING 7 scrolls labelled SUSYTUO DIWE.
   879 | D:1      | 879 ||| READING scroll labelled DULAFAE SOTYU.
   880 | D:1      | 880 ||| READING 6 scrolls of identify.
   880 | D:1      | 880 ||| IDENTIFYING pink potion
   881 | D:1      | 881 ||| DROPPING scroll of poison.
   926 | D:2      | 926 ||| DROPPING +0 club.
  1006 | D:2      | Reached skill level 1 in Throwing
  1290 | D:2      | Found a faded altar of an unknown god.
  1557 | D:2      | HP: 2/23 [gnoll/+0 spear (8)]
  1558 | D:2      | Reached XP level 4. HP: 3/28 MP: 4/4
  1558 | D:2      | 1558 ||| READING scroll of teleportation.
  1780 | D:2      | 1780 ||| DROPPING +0 whip.
  1781 | D:2      | 1781 ||| READING scroll labelled DEISOSHR RIRAKK.
  1782 | D:2      | 1782 ||| READING 5 scrolls of identify.
  1782 | D:2      | 1782 ||| IDENTIFYING murky orange potion
  1842 | D:3      | 1842 ||| SWAPPING to +0 broad axe.
  1844 | D:3      | Reached skill level 4 in Axes
  1844 | D:3      | 1844 ||| DROPPING +0 war axe.
  1893 | D:3      | HP: 7/28 [orc priest/divine providence (14)]
  1893 | D:3      | Killed from afar by an orc priest

Levels and vault maps discovered:
D:1:      beargit_arrival_greenhouse, layout_loops_ring, chequers_jeans
D:2:      layout_loops_ring, dreamdust_ecumenical_altar_angels_and_demons,
          minivault_5
D:3:      layout_rooms

Skill      XL: |  1  2  3  4 |
---------------+-------------+-----
Axes           | 2 3 4 |  4.0
Throwing       | 1 |  1.0
Fighting       | |  3.2
Armour         | |  3.2
Shields        | |  3.2

Action                     |  1- 3 |  4- 6 || total
---------------------------+-------+-------++-------
  Melee: War axe           |    93 |     7 ||   100
         Broad axe         |       |     6 ||     6
  Throw: Javelin           |    33 |     7 ||    40
    Use: Scroll            |     5 |     3 ||     8
 Armour: Scale mail        |    72 |     8 ||    80
  Dodge: Dodged            |    64 |    11 ||    75
  Block: Buckler           |    14 |     1 ||    15

Table legend:
 A = Non-vault XP
 B = Vault XP
 C = Vault XP percentage of total XP
 D = Non-vault monster count
 E = Vault monster count
 F = Vault count percentage of total count
                 A         B        C        D         E       F
            +---------+---------+-------+---------+---------+-------
      Total |     133 |       0 |   0.0 |      42 |       0 |   0.0
            +---------+---------+-------+---------+---------+-------
        D:1 |      43 |       0 |   0.0 |      27 |       0 |   0.0
        D:2 |      79 |       0 |   0.0 |      10 |       0 |   0.0
        D:3 |      11 |       0 |   0.0 |       5 |       0 |   0.0
            +---------+---------+-------+---------+---------+-------
